 Dungeon Crawl Stone Soup version 0.28-a0-983-g1de4e0787c (webtiles) character file.

Game seed: 9004651518779135599

781 tatocazan the Skirmisher (level 7, -8/56 HPs)
             Began as a Demonspawn Fighter on Dec 2, 2021.
             Mangled by an ogre (22 damage)
             ... on level 6 of the Dungeon.
             The game lasted 00:06:27 (6362 turns).

tatocazan the Skirmisher (Demonspawn Fighter)       Turns: 6362, Time: 00:06:28

Health: -8/56      AC: 15    Str: 19    XL:     7   Next: 55%
Magic:  7/7        EV:  7    Int:  9    God:
Gold:   167        SH: 11    Dex: 12    Spells: 6/6 levels left

rFire   . . .      SeeInvis +   a - +0 war axe
rCold   . . .      Faith    .   c - +0 buckler
rNeg    + . .      Spirit   .   s - +1 chain mail
rPois   .          Reflect  .   e - +2 helmet
rElec   .          Harm     .   n - +0 cloak
rCorr   .          Rampage  .   (no gloves)
Will    .....                   (no boots)
Stlth   ..........              (no amulet)
HPRegen 0.18/turn               q - ring of positive energy
MPRegen 0.10/turn               l - ring of see invisible

@: no status effects
A: large bone plates 2, ignite blood 1, powered by pain 2
a: no special abilities


You were on level 6 of the Dungeon.
You visited 1 branch of the dungeon, and saw 6 of its levels.

You collected 167 gold pieces.

Inventory:

Hand Weapons
 a - a +0 war axe (weapon)
Missiles
 p - 8 poisoned darts (quivered)
Armour
 b - a +0 scale mail
 c - a +0 buckler (worn)
 e - a +2 helmet (worn)
 n - a +0 cloak (worn)
 s - a +1 chain mail (worn)
Jewellery
 g - a +6 ring of intelligence
 l - a ring of see invisible (right hand)
 q - a ring of positive energy (left hand)
Scrolls
 f - a scroll of fog
 h - 3 scrolls of immolation
 i - a scroll of enchant armour
 j - 2 scrolls of identify
 r - a scroll of noise
Potions
 d - 2 potions of heal wounds
 k - 2 potions of curing {unknown}
 m - 2 potions of lignification {unknown}


   Skills:
 + Level 5.1 Fighting
 + Level 4.2 Axes
 + Level 4.6 Armour
 + Level 4.6 Shields


You had 6 spell levels left.
You didn't know any spells.
Your spell library contained the following spells:

 Spells                   Type           Power      Damage    Failure   Level
 Ensorcelled Hibernation  Hex/Ice        0%         N/A       100%        2
 Dazzling Flash           Conj/Hex       0%         N/A       100%        3
 Ozocubu's Armour         Ice            0%         N/A       100%        3
 Tukima's Dance           Hex            0%         N/A       100%        3
 Agony                    Necr           0%         N/A       100%        5
 Metabolic Englaciation   Hex/Ice        0%         N/A       100%        5
 Silence                  Hex/Air        0%         N/A       100%        5
 Simulacrum               Ice/Necr       0%         N/A       100%        6


Dungeon Overview and Level Annotations

Branches:
Dungeon (6/15)
 Temple: D:4-7

Altars:
Ashenzari
Fedhas
Gozag
Sif Muna
Zin

Portals:
Abyss: D:3

Annotations:
D:2 Sigmund
D:3 2 transporters, jejorda2's ghost, amateur DrBe


Innate Abilities, Weirdness & Mutations

You are mostly covered in large bone plates. (SH +6)
Your demonic aura sometimes causes spilled blood to erupt in flames.
You sometimes gain power by taking damage.


Message History

The centaur kicks you but does no damage.
You hit the centaur.
The centaur is lightly wounded.
You block the centaur's attack.
The centaur kicks you but does no damage.
The centaur hits you but does no damage.
The centaur kicks you but does no damage.
You hit the centaur.
The centaur is moderately wounded.
You block the centaur's attack. The centaur barely misses you. x2
The centaur kicks you but does no damage.
An adder comes into view.
You barely miss the centaur.
The centaur is moderately wounded.
You block the centaur's attack. The centaur barely misses you. x2
The centaur closely misses you.
You hit the centaur but do no damage.
The centaur is moderately wounded.
Your chain mail prevents you from hitting the ogre.
The centaur hits you. The centaur closely misses you.
The centaur hits you but does no damage.
The centaur barely misses you. You block the ogre's attack.
You take 1 damage, and have 30/56 hp.
You hit the centaur.
The centaur is heavily wounded.
You hit the ogre.
The centaur hits you but does no damage.
The centaur barely misses you. You block the centaur's attack.
The centaur kicks you but does no damage.
The ogre hits you with a +0 giant spiked club!
* * * LOW HITPOINT WARNING * * *
You take 17 damage, and have 13/56 hp.
MASSIVE DAMAGE!!
You slash the ogre!
The ogre is heavily wounded.
You barely miss the centaur.
The centaur hits you but does no damage.
The centaur closely misses you. The centaur barely misses you.
The centaur kicks you but does no damage.
The ogre hits you with a +0 giant spiked club!!
You die...

#######.#)#.#####
.................
######.#.######.
#.#.....##
#.#......#
#.#.###### #.#<#
.##########.######
.....Sc@...........
......O.....######.
............#
.########...# #...#
#...# #...# #...#


You could see an ogre, a centaur and an adder.

Vanquished Creatures
  A sky beast (D:5)
  An ogre (D:6)
  A centaur (D:5)
  A scorpion (D:5)
  A howler monkey (D:5)
  2 hounds
  2 orc priests
  A bullfrog skeleton (D:5)
  2 iguanas (D:5)
  3 orc wizards
  A scorpion zombie (D:3)
  6 adders
  A shadow imp (D:5)
  2 ufetubi
  An adder skeleton (D:4)
  11 orcs
  11 endoplasms
  2 giant cockroaches
  3 goblins
  4 hobgoblins
  A kobold (D:2)
  2 quokkas (D:1)
  5 ball pythons
  6 bats
  3 frilled lizards
  3 rats
77 creatures vanquished.

Notes
Turn   | Place    | Note
-------+----------+-------------------------------------------
     0 | D:1      | tatocazan the Demonspawn Fighter began the quest for the
                  | Orb.
     0 | D:1      | Reached XP level 1. HP: 18/18 MP: 1/1
   404 | D:1      | Gained mutation: Your demonic aura sometimes causes spilled
                  | blood to erupt in flames. [demonic ancestry]
   404 | D:1      | Reached XP level 2. HP: 17/24 MP: 2/2
   962 | D:2      | Gained mutation: You are partially covered in large bone
                  | plates. (SH +4) [demonic ancestry]
   962 | D:2      | Reached XP level 3. HP: 20/29 MP: 3/3
  1178 | D:2      | Noticed Sigmund
  1625 | D:3      | Found a transporter.
  1627 | D:3      | Noticed a small abomination
  1659 | D:3      | Found a one-way gate to the infinite horrors of the Abyss.
  1659 | D:3      | Noticed jejorda2's ghost (amateur DrBe)
  1702 | D:3      | Gained mutation: You sometimes gain a little power by
                  | taking damage. [demonic ancestry]
  1702 | D:3      | Reached XP level 4. HP: 30/35 MP: 4/4
  1758 | D:3      | Found a transporter.
  1762 | D:3      | Noticed a kobold brigand
  1800 | D:3      | Found a shimmering blue altar of Sif Muna.
  2799 | D:4      | Reached XP level 5. HP: 34/42 MP: 5/5
  2936 | D:4      | Found an opulent altar of Gozag.
  3128 | D:4      | Reached skill level 4 in Fighting
  3669 | D:5      | Entered Level 5 of the Dungeon
  4172 | D:5      | Noticed a sky beast
  4189 | D:5      | Killed a sky beast
  4190 | D:5      | Gained mutation: You sometimes gain power by taking damage.
                  | [demonic ancestry]
  4190 | D:5      | Reached XP level 6. HP: 43/49 MP: 6/6
  4440 | D:5      | Noticed a wraith
  5155 | D:5      | Found a broken altar of Ashenzari.
  5358 | D:5      | Gained mutation: You are mostly covered in large bone
                  | plates. (SH +6) [demonic ancestry]
  5358 | D:5      | Reached XP level 7. HP: 55/55 MP: 7/7
  6178 | D:5      | Reached skill level 5 in Fighting
  6322 | D:6      | Found a blossoming altar of Fedhas.
  6362 | D:6      | Mangled by an ogre

Illustrated notes

Levels and vault maps discovered:
D:1:      lightli_arrival_farm, layout_rooms, minivault_24
D:2:      layout_rooms, ebering_ecumenical_altar_sacrificial, minmay_quantized,
          uniq_sigmund, uniq_crazy_yiuf_cottage
D:3:      layout_loops_corners, kennysheep_orc_sif_temple,
          gammafunk_ghost_abyssal_escape
D:4:      layout_loops_ring, mainiacjoe_overflow_boulevard
D:5:      minmay_general_purpose_star, layout_basic, zin_academy,
          ashenzari_conservatory_becter
D:6:      minmay_opposing_rooms, layout_basic, fedhas_altar_1, minivault_10

Skill      XL: |  1  2  3  4  5  6  7 |
---------------+----------------------+-----
Axes           | 2 3 4 |  4.2
Armour         | 3 4 |  4.6
Shields        | 3 4 |  4.6
Fighting       | 4 5 |  5.1

Action                   |  1- 3 |  4- 6 |  7- 9 || total
-------------------------+-------+-------+-------++-------
Melee: War axe           |    73 |   169 |    35 ||   277
Throw: Dart              |       |     5 |       ||     5
  Use: Potion            |     1 |       |       ||     1
       Scroll            |       |     2 |     8 ||    10
Armor: Scale mail        |    33 |    68 |       ||   101
       Chain mail        |       |    25 |    30 ||    55
Dodge: Dodged            |    45 |    72 |    23 ||   140
Block: Buckler           |    35 |    82 |    38 ||   155

Table legend: (Time is in decaauts)
 A = Elapsed time spent in this place.
 B = Non-inter-level travel time spent in this place.
 C = Inter-level travel time spent in this place.
 D = Time resting spent in this place.
 E = Time spent auto-exploring this place.
 F = Levels seen in this place.
 G = Mean time per level.
                   A        B        C        D        E       F      G
               +--------+--------+--------+--------+--------+-----+--------+
         Total |   6492 |   6312 |    180 |   2447 |   2988 |   6 | 1082.0 |
       Dungeon |   6492 |   6312 |    180 |   2447 |   2988 |   6 | 1082.0 |
               +--------+--------+--------+--------+--------+-----+--------+

Top non-repeatable levels by time:
     D:5: 2609 daAuts
     D:3: 1392 daAuts
     D:4: 1189 daAuts
     D:1: 931 daAuts
     D:2: 322 daAuts
     D:6: 48 daAuts
